 Dungeon Crawl Stone Soup version 0.26-a0-660-gc07710193c (webtiles) character file.

Game seed: 18153203308103453643

1302 lunkers the Covert (level 8, -2/49 HPs)
             Began as a Kobold Delver on Oct 7, 2020.
             Slain by a swamp drake (6 damage)
             ... on level 8 of the Dungeon.
             The game lasted 00:13:28 (8021 turns).

lunkers the Covert (Kobold Delver)                  Turns: 8021, Time: 00:13:28

Health: -2/49      AC:  6    Str: 10    XL:     8   Next: 87%
Magic:  8/8        EV: 15    Int: 11    God:
Gold:   312        SH:  6    Dex: 18    Spells: 7/7 levels left

rFire    + . .     SeeInvis .   a - +2 dagger (venom)
rCold    . . .     Faith    .   v - +0 buckler
rNeg     . . .     Spirit   .   y - +0 ring mail {rF+}
rPois    .         Reflect  .   n - +0 helmet
rElec    .         Harm     .   (no cloak)
rCorr    .         Rampage  .   (no gloves)
MR       .....                  (no boots)
Stlth    +++++.....             r - amulet of the acrobat
HPRegen  0.16/turn              (no ring)
MPRegen  0.11/turn              (no ring)

@: hasted, very quick
A: small, nightstalker 3
a: no special abilities


You were on level 8 of the Dungeon.
You visited 1 branch of the dungeon, and saw 7 of its levels.

You collected 312 gold pieces.

Inventory:

Hand Weapons
 a - a +2 dagger of venom (weapon)
 B - a +0 short sword
Missiles
 i - a throwing net {=f}
 j - 25 poisoned darts (quivered)
Armour
 b - a +0 leather armour
 n - a +0 helmet (worn)
 v - a +0 buckler (worn)
 y - a +0 ring mail of fire resistance (worn)
Jewellery
 o - an uncursed amulet of faith
 r - an amulet of the acrobat (around neck)
 z - an uncursed ring of fire
Wands
 g - a wand of digging (2)
 C - a wand of polymorph (4)
Scrolls
 c - a scroll of fog
 d - a scroll of magic mapping
 e - a scroll of fear
 h - a scroll of blinking {unknown}
 k - a scroll of immolation {unknown}
 p - 5 scrolls of remove curse
 q - 3 scrolls of enchant weapon {unknown}
 s - a scroll of amnesia {unknown}
 t - 2 scrolls of teleportation {unknown}
 u - 4 scrolls of identify {unknown}
Potions
 l - a potion of degeneration {unknown}
 m - a potion of flight {unknown}
 w - 3 potions of heal wounds {unknown}
 x - a potion of stabbing {unknown}
 A - a potion of resistance {unknown}


   Skills:
 + Level 5.2 Fighting
 - Level 8.0 Short Blades
 + Level 5.0 Dodging
 - Level 10.0 Stealth
 + Level 2.8 Shields


You had 7 spell levels left.
You didn't know any spells.
Your spell library contained the following spells:

 Spells                   Type           Power        Failure   Level
 Foxfire                  Conj/Fire      #...         77%         1
 Conjure Flame            Conj/Fire      #.......     98%         3
 Inner Flame              Hex/Fire       #.......     98%         3
 Sticky Flame             Conj/Fire      #.......     100%        4
 Fireball                 Conj/Fire      #.........   100%        5


Dungeon Overview and Level Annotations

Branches:
Dungeon (6/15)
 Temple: D:4-7

Altars:
Xom


Innate Abilities, Weirdness & Mutations

You are small and have problems with some larger weapons.
You are completely attuned to the shadows.


Message History

Aiming: Polymorph
Press: ? - help, Shift-Dir - straight line, f/p - ice beast
Aim: an ice beast (chance to defeat MR: 46%)
The ice beast evaporates and reforms as a swamp drake!
You feel yourself speed up. The swamp drake completely misses you.
Things that are here:
a +0 hand axe; an orc skeleton You hit the swamp drake.
The swamp drake is lightly wounded.
You hit the swamp drake.
The swamp drake is lightly wounded.
The swamp drake bites you.
* * * LOW HITPOINT WARNING * * *
You hit the swamp drake.
The swamp drake is lightly wounded.
You hit the swamp drake.
The swamp drake is poisoned.
The swamp drake is moderately wounded.
The swamp drake bites you.
You die...

### #.##
##@## .#
##k## ...
##.#####...
##.(.[....
#)(.)).(.
#..))....
#รทรท......
#........
#......###


You could see a swamp drake (very poisoned).

Vanquished Creatures
  A basilisk (D:8)
  An ice beast (D:8)
  A centaur (D:8)
  2 big kobolds (D:4)
  A bullfrog (D:8)
  A hound (D:5)
  A jelly (D:5)
  4 orc priests
  2 centaur skeletons
  2 iguanas
  7 orc wizards
  A worker ant zombie (D:8)
  Robin (D:2)
  6 gnolls (D:3)
  A howler monkey skeleton (D:4)
  5 adders
  A shadow imp (D:8)
  2 white imps
  An ooze (D:2)
  2 adder skeletons
  A worm (D:5)
  2 dart slugs
  3 leopard geckos
  23 orcs
  2 ball pythons (D:4)
  10 bats
  A giant cockroach (D:4)
  21 goblins
  11 hobgoblins
  9 jackals
  4 quokkas
  6 frilled lizards
  15 kobolds
  A leopard gecko skeleton (D:8)
  11 rats
163 creatures vanquished.

Notes
Turn   | Place    | Note
-------+----------+-------------------------------------------
     0 | D:5      | lunkers the Kobold Delver began the quest for the Orb.
     0 | D:5      | Reached XP level 1. HP: 14/14 MP: 1/1
    43 | D:5      | Noticed a jelly
    47 | D:5      | Killed a jelly
    47 | D:5      | Reached skill level 7 in Stealth
    47 | D:5      | Reached XP level 2. HP: 19/19 MP: 2/2
    47 | D:5      | Reached XP level 3. HP: 23/23 MP: 3/3
    81 | D:5      | Reached XP level 4. HP: 28/28 MP: 4/4
   313 | D:4      | Reached skill level 8 in Stealth
   313 | D:4      | Reached XP level 5. HP: 13/32 MP: 5/5
   548 | D:3      | Reached skill level 5 in Short Blades
   962 | D:2      | Noticed Robin
   977 | D:2      | Killed Robin
  1729 | D:1      | Reached XP level 6. HP: 37/37 MP: 6/6
  2455 | D:2      | Found a shimmering altar of Xom.
  3299 | D:3      | Reached skill level 9 in Stealth
  5307 | D:4      | Reached XP level 7. HP: 3/41 MP: 7/7
  6300 | D:5      | Reached skill level 10 in Stealth
  7176 | D:6      | Reached skill level 1 in Shields
  7176 | D:6      | Reached XP level 8. HP: 26/48 MP: 8/8
  7483 | D:6      | You fall into a shaft and drop 2 floors!
  7906 | D:8      | Noticed Maurice
  7911 | D:8      | Noticed Maurice
  7911 | D:8      | Maurice changed into Maurice the basilisk
  7938 | D:8      | Killed Maurice the basilisk
  7938 | D:8      | Reached skill level 5 in Fighting
  7955 | D:8      | HP: 2/49 [white imp/puff of frost (5)]
  7977 | D:8      | Reached skill level 5 in Dodging
  8021 | D:8      | Slain by a swamp drake

Illustrated notes

Levels and vault maps discovered:
D:1:      onia_arrival_mini_spirals, layout_basic, serial_aquarium,
          aquarium_bridge_straight [aquarium_subvault_bridge,
          aquarium_subvault_window, aquarium_subvault_bridge,
          aquarium_subvault_window], aquarium_window_fake, aquarium_window_1,
          aquarium_view_2c, kennysheep_minor_cross
D:2:      layout_rooms, xom_teletrap_fun, uniq_robin
D:3:      layout_basic, hex_intersection
D:4:      cheibrodos_thug_alley, layout_basic
D:5:      layout_loops_ring, roderic_lattice_a
D:6:      minmay_flawed_box, layout_loops_ring, nicolae_overflow_hidden_temple,
          temple_doors_cd, led_sif_pool
D:8:      layout_rooms, trog_ov_bears_minmay, uniq_maurice, uniq_erica

Skill      XL: |  1  2  3  4  5  6  7  8 |
---------------+-------------------------+-----
Short Blades   | 3 4 5 6 7 8 |  8.0
Stealth        | 7 8 9 10 | 10.0
Dodging        | 3 5 |  5.0
Shields        | 1 2 |  2.8
Fighting       | 5 |  5.2

Action                   |  1- 3 |  4- 6 |  7- 9 || total
-------------------------+-------+-------+-------++-------
Melee: Short sword       |     3 |   314 |     5 ||   322
       Dagger            |       |       |   264 ||   264
Throw: Dart              |       |   151 |    21 ||   172
       Throwing net      |       |       |     1 ||     1
Evoke: Wand              |       |       |     4 ||     4
  Use: Scroll            |       |       |     2 ||     2
       Potion            |       |       |     2 ||     2
 Stab: Sleeping          |     3 |    11 |     9 ||    23
       Held in net/web   |       |       |     1 ||     1
Armor: Leather armour    |       |    44 |     6 ||    50
       Ring mail         |       |       |    21 ||    21
       Skin              |       |       |    46 ||    46
Dodge: Dodged            |       |   167 |   108 ||   275
Block: Buckler           |       |    19 |    31 ||    50

Table legend: (Time is in decaauts)
 A = Elapsed time spent in this place.
 B = Non-inter-level travel time spent in this place.
 C = Inter-level travel time spent in this place.
 D = Time resting spent in this place.
 E = Time spent auto-exploring this place.
 F = Levels seen in this place.
 G = Mean time per level.
                   A        B        C        D        E       F      G
               +--------+--------+--------+--------+--------+-----+--------+
         Total |   7879 |   7678 |    201 |    681 |   5788 |   7 | 1125.6 |
       Dungeon |   7879 |   7678 |    201 |    681 |   5788 |   7 | 1125.6 |
               +--------+--------+--------+--------+--------+-----+--------+

Top non-repeatable levels by time:
     D:4: 2102 daAuts
     D:1: 1449 daAuts
     D:3: 1427 daAuts
     D:5: 1318 daAuts
     D:2: 733 daAuts
     D:8: 485 daAuts
     D:6: 362 daAuts
